WCHLSIM.com - West Coast Hockey League
html PUBLIC "-//W3C//DTD XHTML 1.0 Transitional//EN" "http://www.w3.org/TR/xhtml1/DTD/xhtml1-transitional.dtd"> WCHL - Game 525 - SACRAMENTO BANDITS vs PORTLAND PIRATES

SACRAMENTO BANDITS vs PORTLAND PIRATES

Created - 25 décembre 2023 at 09:41

Goals
1 2 3 T
SACRAMENTO BANDITS 0 0 1 1
PORTLAND PIRATES 1 0 1 2
Shots
1 2 3 T
SACRAMENTO BANDITS 5 6 7 18
PORTLAND PIRATES 9 6 8 23

1st period

1. PORTLAND PIRATES , Travis Konecny 16 (Mika Zibanejad 23, Pavel Zacha 14) at 19:47

Penalties :
William Carrier (POR) for Holding (Minor) at 5:00, Alex Chiasson (SAC) for Hooking (Minor) at 8:23

2nd period

No Goal

Penalties :
Mark Scheifele (SAC) for Hooking (Minor) at 19:06

3rd period

2. PORTLAND PIRATES , Travis Konecny 17 (Mika Zibanejad 24, Brett Pesce 11) at 3:00
3. SACRAMENTO BANDITS , David Perron 7 (Janis Moser 12, Nico Hischier 20) at 9:46

Penalties :
Dante Fabbro (SAC) for Tripping (Minor) at 14:42

Goalie Stats

Jaroslav Halak (SAC), 21 saves from 23 shots - (0,913), L, 1-2-0, 59:11 minutes
Martin Jones (POR), 17 saves from 18 shots - (0,944), W, 20-11-0, 60:00 minutes

Players Stats for SACRAMENTO BANDITS

Player Name              G  A  P  +/- PIM S  H  SB GA TA FO     MP     PP MP  PK MP  
------------------------------------------------------------------------------------
Alex Chiasson            0  0  0  -1  2   0  0  0  0  0  0/1    12:22   0:00   0:00 
Blake Wheeler            0  0  0   0  0   1  0  0  0  0  3/4     5:51   0:00   0:00 
Brendan Smith            0  0  0  -2  0   0  3  3  0  0  0/0    17:00   0:00   0:03 
Christian Fischer        0  0  0  -1  0   0  1  1  0  0  0/0    15:18   0:53   0:00 
Dante Fabbro             0  0  0  -2  2   0  2  2  0  0  0/0    16:56   0:00   0:00 
David Perron             1  0  1   1  0   1  0  0  0  0  1/2    22:00   1:06   2:21 
Dominik Kubalik          0  0  0   0  0   0  0  0  0  0  0/0     5:51   0:00   0:00 
Eetu Luostarinen         0  0  0  -1  0   2  1  0  0  0  4/8    13:51   0:00   0:36 
Janis Moser              0  1  1   1  0   3  2  0  0  0  0/0    19:57   0:50   2:48 
Jonathan Huberdeau       0  0  0  -1  0   1  2  0  0  0  0/0    13:15   0:00   0:00 
Marc-Edouard Vlasic      0  0  0   0  0   0  1  0  0  0  0/0    23:03   1:09   3:06 
Marcus Johansson         0  0  0  -1  0   4  0  0  0  0  0/6    18:54   0:53   3:36 
Mark Scheifele           0  0  0  -1  2   3  2  0  0  0  7/16   17:13   0:53   1:56 
Nico Hischier            0  1  1   1  0   1  0  0  0  0  9/21   19:39   1:06   0:00 
Patrick Kane             0  0  0   1  0   1  1  0  0  0  0/3    22:00   1:06   2:21 
Patrick Maroon           0  0  0   0  0   0  0  0  0  0  0/0     7:47   0:00   1:04 
Rasmus Sandin            0  0  0   1  0   0  0  1  0  0  0/0    19:57   0:50   2:48 
Ryan McDonagh            0  0  0   0  0   1  0  1  0  0  0/0    23:06   1:09   3:09 

Players Stats for PORTLAND PIRATES

Player Name              G  A  P  +/- PIM S  H  SB GA TA FO     MP     PP MP  PK MP  
------------------------------------------------------------------------------------
Alec Martinez            0  0  0   1  0   0  0  1  0  0  0/0    17:54   2:36   0:00 
Brett Pesce              0  1  1   0  0   0  0  0  0  0  0/0    19:47   0:19   1:13 
Brian Dumoulin           0  0  0   0  0   0  0  2  0  0  0/0    18:40   0:00   0:46 
Chandler Stephenson      0  0  0  -1  0   2  0  0  0  0  3/10   20:17   2:01   0:00 
Marc Staal               0  0  0   0  0   0  1  0  0  0  0/0    13:25   0:00   1:13 
Michael Amadio           0  0  0   0  0   2  1  0  0  0  0/1    13:10   0:00   0:49 
Michael McLeod           0  0  0   0  0   1  0  0  0  0  5/5     7:31   0:00   1:10 
Mika Zibanejad           0  2  2   2  0   4  0  0  0  0  16/23  21:36   3:56   0:00 
Nathan Bastian           0  0  0   0  0   1  0  0  0  0  0/1     6:31   0:00   1:10 
Nick Holden              0  0  0   1  0   0  1  0  0  0  0/0     8:04   3:21   0:00 
Pavel Zacha              0  1  1   2  0   0  1  0  0  0  1/1    19:44   2:01   0:00 
Robert Thomas            0  0  0  -1  0   0  3  0  0  0  1/2    20:04   3:22   0:00 
Sam Steel                0  0  0   0  0   2  0  0  0  0  7/10   11:21   0:00   0:00 
Thomas Chabot            0  0  0   0  0   1  0  0  0  0  0/0    20:36   3:21   0:00 
Travis Hamonic           0  0  0   0  0   1  3  4  0  0  0/0    21:34   2:17   0:46 
Travis Konecny           2  0  2   2  0   6  1  1  0  0  0/1    21:36   3:56   0:00 
William Carrier          0  0  0   0  2   1  3  0  0  0  0/0    16:18   0:34   0:00 
Yanni Gourde             0  0  0  -1  0   2  2  0  0  0  4/7    19:52   2:01   0:49 

3 Stars

1 - Travis Konecny (POR)
2 - Mika Zibanejad (POR)
3 - Pavel Zacha (POR)

Power Play

SACRAMENTO BANDITS - 0 on 1 Attempt(s) - 0,00%
PORTLAND PIRATES - 0 on 3 Attempt(s) - 0,00%

Penalty Kill

SACRAMENTO BANDITS - 3 on 3 Attempt(s) - 100,00% - Score 0 goal in Penalty Kill
PORTLAND PIRATES - 1 on 1 Attempt(s) - 100,00% - Score 0 goal in Penalty Kill

Team Stat

SACRAMENTO BANDITS - Hits : 15 - Faceoff Wins : 24 - Blocked Shots : 8 - Penalty Minutes : 6
PORTLAND PIRATES - Hits : 16 - Faceoff Wins : 37 - Blocked Shots : 8 - Penalty Minutes : 2

Official

Referees : Brandon Blandina and Eric Furlatt
Linesman : Kyle Allen and Michel Cormier

Game Notes

No Game Note

Finance

Level 1 -- Attendance: 8572 (85,72%) -- Ticket Income 1 277 228 $
Level 2 -- Attendance: 6814 (85,18%) -- Ticket Income 742 726 $
Level 3 -- Attendance: 2373 (79,10%) -- Ticket Income 234 927 $
Level 4 -- Attendance: 2500 (100,00%) -- Ticket Income 222 500 $
Luxury Box -- Attendance: 1247 (83,13%) -- Ticket Income 360 383 $
Total Attendance: 21506 (86,02%)
Total Ticket Income: 2 837 764 $
Other Expense: 28 378 $
Total Income: 2 809 386 $

SACRAMENTO BANDITS

5 vs 5 Forward 
   Center                   Left Wing                Right Wing               Time % Phy DF OF 
 1 Nico Hischier            David Perron             Patrick Kane             36     1   2  2  
 2 Mark Scheifele           Marcus Johansson         Christian Fischer        31     1   2  2  
 3 Eetu Luostarinen         Jonathan Huberdeau       Alex Chiasson            23     1   2  2  
 4 Blake Wheeler            Dominik Kubalik          Patrick Maroon           10     1   2  2  

5 vs 5 Defense 
   Defense                  Defense                                           Time % Phy DF OF 
 1 Ryan McDonagh            Marc-Edouard Vlasic                               36     1   2  2  
 2 Janis Moser              Rasmus Sandin                                     31     1   2  2  
 3 Dante Fabbro             Brendan Smith                                     23     1   2  2  
 4 Ryan McDonagh            Marc-Edouard Vlasic                               10     1   2  2  

PowerPlay Forward 
   Center                   Left Wing                Right Wing               Time % Phy DF OF 
 1 Nico Hischier            David Perron             Patrick Kane             55     1   2  2  
 2 Mark Scheifele           Marcus Johansson         Christian Fischer        45     1   2  2  

PowerPlay Defense
   Defense                  Defense                                           Time % Phy DF OF 
 1 Ryan McDonagh            Marc-Edouard Vlasic                               55     1   2  2  
 2 Janis Moser              Rasmus Sandin                                     45     1   2  2  

Penalty Kill 4 Players Forward 
   Center                   Wing                     Time % Phy DF OF 
 1 Marcus Johansson         Mark Scheifele           55     1   2  2  
 2 Patrick Kane             David Perron             45     1   2  2  

Penalty Kill 4 Players Defense
   Defense                  Defense                  Time % Phy DF OF 
 1 Ryan McDonagh            Marc-Edouard Vlasic      55     1   2  2  
 2 Janis Moser              Rasmus Sandin            45     1   2  2  

Penalty Kill - 3 Players Forward 
   Forward                                           Time % Phy DF OF 
 1 Patrick Kane                                      55     1   2  2  
 2 Mark Scheifele                                    45     1   2  2  

Penalty Kill - 3 Players Defense
   Defense                  Defense                  Time % Phy DF OF 
 1 Ryan McDonagh            Marc-Edouard Vlasic      55     1   2  2  
 2 Janis Moser              Rasmus Sandin            45     1   2  2  

4 vs 4 Forward 
   Center                   Wing                     Time % Phy DF OF 
 1 Jonathan Huberdeau       Mark Scheifele           55     1   2  2  
 2 Patrick Kane             David Perron             45     1   2  2  

4 vs 4 Defense
   Defense                  Defense                  Time % Phy DF OF 
 1 Ryan McDonagh            Marc-Edouard Vlasic      55     1   2  2  
 2 Janis Moser              Rasmus Sandin            45     1   2  2  

Last Minutes Offensive
   Center                   Left Wing                Right Wing               Defense                  Defense                  
   Nico Hischier            David Perron             Patrick Kane             Ryan McDonagh            Marc-Edouard Vlasic      

Last Minutes Defensive
   Center                   Left Wing                Right Wing               Defense                  Defense                  
   Nico Hischier            David Perron             Patrick Kane             Ryan McDonagh            Marc-Edouard Vlasic      

Goaltenders
Starting : Jaroslav Halak           
Backup : Louis Domingue           

Extra Forwards
Normal : Patrick Maroon, Jonathan Huberdeau, Eetu Luostarinen - PP : Patrick Maroon, Jonathan Huberdeau - PK : Eetu Luostarinen
Extra Defensemen
Normal : Dante Fabbro, Brendan Smith, Janis Moser - PP : Dante Fabbro - PK : Brendan Smith, Janis Moser
Penalty Shots
Eetu Luostarinen, Mark Scheifele, Patrick Kane, David Perron, Marcus Johansson
Custom OT Lines Forwards
Nico Hischier, Mark Scheifele, Patrick Kane, David Perron, Marcus Johansson, Jonathan Huberdeau, Eetu Luostarinen, Dominik Kubalik, Christian Fischer, Patrick Maroon
Custom OT Lines Defensemen
Ryan McDonagh, Marc-Edouard Vlasic, Janis Moser, Rasmus Sandin, Dante Fabbro

Scratches
Danil Gushchin (Torn Left Knee Ligaments Injury), Marc-Andre Fleury (Right Eye Injury)

PORTLAND PIRATES

5 vs 5 Forward 
   Center                   Left Wing                Right Wing               Time % Phy DF OF 
 1 Mika Zibanejad           Pavel Zacha              Travis Konecny           33     0   2  3  
 2 Chandler Stephenson      Yanni Gourde             Robert Thomas            33     0   2  3  
 3 Sam Steel                William Carrier          Michael Amadio           22     0   3  2  
 4 Michael McLeod           William Carrier          Nathan Bastian           12     0   3  2  

5 vs 5 Defense 
   Defense                  Defense                                           Time % Phy DF OF 
 1 Brett Pesce              Thomas Chabot                                     34     0   4  1  
 2 Brian Dumoulin           Travis Hamonic                                    34     0   4  1  
 3 Marc Staal               Alec Martinez                                     22     0   4  1  
 4 Nick Holden              Alec Martinez                                     10     0   4  1  

PowerPlay Forward 
   Center                   Left Wing                Right Wing               Time % Phy DF OF 
 1 Mika Zibanejad           Travis Konecny           Robert Thomas            60     0   0  5  
 2 Chandler Stephenson      Pavel Zacha              Yanni Gourde             40     0   0  5  

PowerPlay Defense
   Defense                  Defense                                           Time % Phy DF OF 
 1 Thomas Chabot            Nick Holden                                       60     0   1  4  
 2 Alec Martinez            Travis Hamonic                                    40     0   1  4  

Penalty Kill 4 Players Forward 
   Center                   Wing                     Time % Phy DF OF 
 1 Michael McLeod           Nathan Bastian           60     0   5  0  
 2 Yanni Gourde             Michael Amadio           40     0   5  0  

Penalty Kill 4 Players Defense
   Defense                  Defense                  Time % Phy DF OF 
 1 Brett Pesce              Marc Staal               60     0   5  0  
 2 Brian Dumoulin           Travis Hamonic           40     0   5  0  

Penalty Kill - 3 Players Forward 
   Forward                                           Time % Phy DF OF 
 1 Michael McLeod                                    55     0   5  0  
 2 Chandler Stephenson                               45     0   5  0  

Penalty Kill - 3 Players Defense
   Defense                  Defense                  Time % Phy DF OF 
 1 Brian Dumoulin           Nick Holden              55     0   5  0  
 2 Brett Pesce              Alec Martinez            45     0   5  0  

4 vs 4 Forward 
   Center                   Wing                     Time % Phy DF OF 
 1 Mika Zibanejad           Travis Konecny           55     0   1  4  
 2 Chandler Stephenson      Robert Thomas            45     0   1  4  

4 vs 4 Defense
   Defense                  Defense                  Time % Phy DF OF 
 1 Thomas Chabot            Nick Holden              55     0   2  3  
 2 Marc Staal               Alec Martinez            45     0   2  3  

Last Minutes Offensive
   Center                   Left Wing                Right Wing               Defense                  Defense                  
   Mika Zibanejad           Travis Konecny           Robert Thomas            Thomas Chabot            Nick Holden              

Last Minutes Defensive
   Center                   Left Wing                Right Wing               Defense                  Defense                  
   Michael McLeod           Chandler Stephenson      Yanni Gourde             Brian Dumoulin           Brett Pesce              

Goaltenders
Starting : Martin Jones             
Backup : Cameron Talbot           

Extra Forwards
Normal : William Carrier, Michael McLeod, Michael Amadio - PP : William Carrier, Sam Steel - PK : Sam Steel
Extra Defensemen
Normal : Alec Martinez, Marc Staal, Travis Hamonic - PP : Brett Pesce - PK : Alec Martinez, Thomas Chabot
Penalty Shots
Mika Zibanejad, Travis Konecny, Robert Thomas, Chandler Stephenson, Pavel Zacha
Custom OT Lines Forwards
Mika Zibanejad, Robert Thomas, Travis Konecny, Chandler Stephenson, Yanni Gourde, Pavel Zacha, Sam Steel, William Carrier, Michael McLeod, Michael Amadio
Custom OT Lines Defensemen
Thomas Chabot, Brett Pesce, Brian Dumoulin, Travis Hamonic, Marc Staal

Scratches
Ryan McLeod (Left Hip Injury), Ryan Donato (Healthy)

% Time on Ice - SACRAMENTO BANDITS

Lines # - Real PCT - Wanted PCT - Time Play
Normal Forward
1 - 36% - 36% - 18:33
2 - 28% - 31% - 14:25
3 - 24% - 23% - 12:23
4 - 11% - 10% - 5:51
Normal Defense
1 - 33% - 36% - 16:50
2 - 32% - 31% - 16:19
3 - 31% - 23% - 16:05
4 - 4% - 10% - 1:58
PP Forward
1 - 55% - 55% - 1:06
2 - 45% - 45% - 0:53
PP Defense
1 - 58% - 55% - 1:09
2 - 42% - 45% - 0:50
PK Forward
1 - 61% - 55% - 3:36
2 - 39% - 45% - 2:21
PK Defense
1 - 53% - 55% - 3:09
2 - 47% - 45% - 2:48
PK3 Forward
1 - 0% - 55%
2 - 0% - 45%
PK3 Defense
1 - 0% - 55%
2 - 0% - 45%
44 Forward
1 - 0% - 55%
2 - 0% - 45%
44 Defense
1 - 0% - 55%
2 - 0% - 45%
Last Minute Offensive  - 0:52
Last Minute Defensive  - 0:00
Total
Forward - 60:00
Defense - 60:00

% Time on Ice - PORTLAND PIRATES

Lines # - Real PCT - Wanted PCT - Time Play
Normal Forward
1 - 35% - 33% - 17:40
2 - 33% - 33% - 16:42
3 - 22% - 22% - 11:21
4 - 10% - 12% - 5:21
Normal Defense
1 - 34% - 34% - 17:15
2 - 35% - 34% - 17:54
3 - 22% - 22% - 11:12
4 - 9% - 10% - 4:43
PP Forward
1 - 66% - 60% - 3:56
2 - 34% - 40% - 2:01
PP Defense
1 - 56% - 60% - 3:21
2 - 44% - 40% - 2:36
PK Forward
1 - 59% - 60% - 1:10
2 - 41% - 40% - 0:49
PK Defense
1 - 61% - 60% - 1:13
2 - 39% - 40% - 0:46
PK3 Forward
1 - 0% - 55%
2 - 0% - 45%
PK3 Defense
1 - 0% - 55%
2 - 0% - 45%
44 Forward
1 - 0% - 55%
2 - 0% - 45%
44 Defense
1 - 0% - 55%
2 - 0% - 45%
Last Minute Offensive  - 0:00
Last Minute Defensive  - 1:00
Total
Forward - 60:00
Defense - 60:00

Play-by-Play

1st period


0:01 of 1st period - Mika Zibanejad wins face-off versus Patrick Kane in neutral zone.
0:04 of 1st period - Shot by Travis Konecny.
0:04 of 1st period - Shot Misses the Net.
1:30 of 1st period - Shot by Marcus Johansson.
1:30 of 1st period - Deflect By Mark Scheifele.
1:30 of 1st period - Shot Blocked by Travis Hamonic.
1:47 of 1st period - Icing by Mark Scheifele.
1:48 of 1st period - Sam Steel wins face-off versus Mark Scheifele in SACRAMENTO BANDITS zone.
2:13 of 1st period - Shot by William Carrier.
2:13 of 1st period - Shot Misses the Net.
2:43 of 1st period - Shot by Travis Konecny.
2:43 of 1st period - Stopped by Jaroslav Halak without a rebound.
2:44 of 1st period - Blake Wheeler wins face-off versus Chandler Stephenson in SACRAMENTO BANDITS zone.
3:14 of 1st period - Shot by Yanni Gourde.
3:14 of 1st period - Shot Misses the Net.
3:16 of 1st period - Shot by Yanni Gourde.
3:16 of 1st period - Stopped by Jaroslav Halak without a rebound.
3:17 of 1st period - Nico Hischier wins face-off versus Mika Zibanejad in SACRAMENTO BANDITS zone.
3:35 of 1st period - Shot by Mika Zibanejad.
3:35 of 1st period - Shot Hit the Post.
3:37 of 1st period - Shot by Travis Konecny.
3:37 of 1st period - Stopped by Jaroslav Halak without a rebound.
3:38 of 1st period - Michael McLeod wins face-off versus Mark Scheifele in SACRAMENTO BANDITS zone.
3:47 of 1st period - Shot by Michael McLeod.
3:47 of 1st period - Stopped by Jaroslav Halak without a rebound.
3:48 of 1st period - Eetu Luostarinen wins face-off versus Mika Zibanejad in SACRAMENTO BANDITS zone.
4:27 of 1st period - Shot by Mika Zibanejad.
4:27 of 1st period - Stopped by Jaroslav Halak without a rebound.
4:28 of 1st period - Michael McLeod wins face-off versus Nico Hischier in SACRAMENTO BANDITS zone.
4:29 of 1st period - Shot by William Carrier.
4:29 of 1st period - Shot Misses the Net.
4:36 of 1st period - Nico Hischier is hit by Nick Holden and loses puck.
4:49 of 1st period - Shot by Nathan Bastian.
4:49 of 1st period - Shot Misses the Net.
5:00 of 1st period - Minor Penalty to William Carrier for Holding.
5:01 of 1st period - Michael McLeod wins face-off versus Mark Scheifele in PORTLAND PIRATES zone.
5:14 of 1st period - Shot by Janis Moser.
5:14 of 1st period - Stopped by Martin Jones without a rebound.
5:15 of 1st period - Yanni Gourde wins face-off versus Nico Hischier in PORTLAND PIRATES zone.
5:15 of 1st period - Yanni Gourde is hit by Patrick Kane.
5:48 of 1st period - Icing by Nico Hischier.
5:49 of 1st period - Yanni Gourde wins face-off versus Nico Hischier in SACRAMENTO BANDITS zone.
6:04 of 1st period - Shot by David Perron.
6:04 of 1st period - Shot Blocked by Travis Hamonic.
6:06 of 1st period - Shot by Patrick Kane.
6:06 of 1st period - Shot Misses the Net.
6:08 of 1st period - Shot by Ryan McDonagh.
6:08 of 1st period - Stopped by Martin Jones without a rebound.
6:09 of 1st period - Michael McLeod wins face-off versus Mark Scheifele in PORTLAND PIRATES zone.
6:32 of 1st period - Shot by Mark Scheifele.
6:32 of 1st period - Stopped by Martin Jones without a rebound.
6:33 of 1st period - Nico Hischier wins face-off versus Yanni Gourde in PORTLAND PIRATES zone.
6:42 of 1st period - Shot by David Perron.
6:42 of 1st period - Shot Misses the Net.
6:44 of 1st period - Shot by Janis Moser.
6:44 of 1st period - Stopped by Martin Jones without a rebound.
6:45 of 1st period - Yanni Gourde wins face-off versus Mark Scheifele in PORTLAND PIRATES zone.
7:02 of 1st period - Shot by Mark Scheifele.
7:02 of 1st period - Shot Misses the Net.
7:08 of 1st period - Eetu Luostarinen is hit by Travis Konecny and loses puck.
7:14 of 1st period - Icing by Brendan Smith.
7:15 of 1st period - Chandler Stephenson wins face-off versus Eetu Luostarinen in SACRAMENTO BANDITS zone.
7:15 of 1st period - Robert Thomas is hit by Dante Fabbro.
7:22 of 1st period - Yanni Gourde is hit by Dante Fabbro and loses puck.
8:23 of 1st period - Minor Penalty to Alex Chiasson for Hooking.
8:24 of 1st period - Mika Zibanejad wins face-off versus Marcus Johansson in SACRAMENTO BANDITS zone.
8:55 of 1st period - Shot by Robert Thomas.
8:55 of 1st period - Deflect By Mika Zibanejad.
8:55 of 1st period - Shot Misses the Net.
8:57 of 1st period - Shot by Travis Hamonic.
8:57 of 1st period - Stopped by Jaroslav Halak without a rebound.
8:58 of 1st period - David Perron wins face-off versus Chandler Stephenson in SACRAMENTO BANDITS zone.
9:33 of 1st period - Marc-Edouard Vlasic is hit by Yanni Gourde.
9:48 of 1st period - Off-side.
9:49 of 1st period - Mika Zibanejad wins face-off versus Patrick Kane in neutral zone.
10:24 of 1st period - Travis Konecny is hit by Brendan Smith and loses puck.
10:34 of 1st period - Icing by Dante Fabbro.
10:35 of 1st period - Michael McLeod wins face-off versus Blake Wheeler in SACRAMENTO BANDITS zone.
11:34 of 1st period - Shot by Travis Konecny.
11:34 of 1st period - Deflect By Mika Zibanejad.
11:34 of 1st period - Stopped by Jaroslav Halak without a rebound.
11:35 of 1st period - Mark Scheifele wins face-off versus Chandler Stephenson in SACRAMENTO BANDITS zone.
11:35 of 1st period - Ryan McDonagh is hit by Robert Thomas and loses puck.
12:25 of 1st period - Icing by Ryan McDonagh.
12:26 of 1st period - Sam Steel wins face-off versus Mark Scheifele in SACRAMENTO BANDITS zone.
12:56 of 1st period - Shot by Sam Steel.
12:56 of 1st period - Shot Misses the Net.
13:34 of 1st period - Shot by Mika Zibanejad.
13:34 of 1st period - Shot Blocked by Brendan Smith.
13:41 of 1st period - Travis Konecny is hit by Brendan Smith and loses puck.
14:16 of 1st period - Shot by Chandler Stephenson.
14:16 of 1st period - Stopped by Jaroslav Halak without a rebound.
14:17 of 1st period - Mark Scheifele wins face-off versus Yanni Gourde in SACRAMENTO BANDITS zone.
14:17 of 1st period - Mark Scheifele is hit by Robert Thomas.
14:23 of 1st period - Shot by Mark Scheifele.
14:23 of 1st period - Shot Misses the Net.
14:34 of 1st period - Shot by Robert Thomas.
14:34 of 1st period - Shot Misses the Net.
14:36 of 1st period - Shot by Chandler Stephenson.
14:36 of 1st period - Shot Misses the Net.
15:38 of 1st period - Shot by Patrick Kane.
15:38 of 1st period - Shot Blocked by Travis Hamonic.
16:09 of 1st period - Icing by Alec Martinez.
16:10 of 1st period - Mika Zibanejad wins face-off versus Eetu Luostarinen in PORTLAND PIRATES zone.
16:47 of 1st period - Shot by Travis Konecny.
16:47 of 1st period - Shot Blocked by Brendan Smith.
16:49 of 1st period - Shot by Alec Martinez.
16:49 of 1st period - Shot Blocked by Brendan Smith.
17:43 of 1st period - Shot by Robert Thomas.
17:43 of 1st period - Shot Blocked by Ryan McDonagh.
17:45 of 1st period - Shot by Chandler Stephenson.
17:45 of 1st period - Deflect By Yanni Gourde.
17:45 of 1st period - Shot Misses the Net.
18:37 of 1st period - Shot by Patrick Kane.
18:37 of 1st period - Shot Blocked by Travis Hamonic.
18:39 of 1st period - Shot by David Perron.
18:39 of 1st period - Shot Misses the Net.
19:15 of 1st period - Shot by Mark Scheifele.
19:15 of 1st period - Deflect By Marcus Johansson.
19:15 of 1st period - Stopped by Martin Jones without a rebound.
19:16 of 1st period - Mika Zibanejad wins face-off versus Marcus Johansson in PORTLAND PIRATES zone.
19:45 of 1st period - Shot by Pavel Zacha.
19:45 of 1st period - Deflect By Mika Zibanejad.
19:45 of 1st period - Shot Misses the Net.
19:47 of 1st period - Shot by Travis Konecny.
19:47 of 1st period - Goal by Travis Konecny - SACRAMENTO BANDITS : 0 - PORTLAND PIRATES : 1.
19:48 of 1st period - Eetu Luostarinen wins face-off versus Chandler Stephenson in neutral zone.
Goals for this period are 0 for SACRAMENTO BANDITS vs 1 for PORTLAND PIRATES.
Shots for this period are 5 for SACRAMENTO BANDITS vs 9 for PORTLAND PIRATES.

2nd period


0:01 of 2nd period - Sam Steel wins face-off versus Nico Hischier in neutral zone.
0:04 of 2nd period - Nico Hischier is hit by William Carrier and loses puck.
0:13 of 2nd period - Janis Moser is hit by William Carrier and loses puck.
0:31 of 2nd period - Icing by Travis Hamonic.
0:32 of 2nd period - Mark Scheifele wins face-off versus Sam Steel in PORTLAND PIRATES zone.
0:32 of 2nd period - Marc-Edouard Vlasic is hit by Travis Hamonic and loses puck.
1:12 of 2nd period - Icing by Marc Staal.
1:13 of 2nd period - Mika Zibanejad wins face-off versus Nico Hischier in PORTLAND PIRATES zone.
1:34 of 2nd period - Shot by Travis Konecny.
1:34 of 2nd period - Shot Misses the Net.
2:12 of 2nd period - Yanni Gourde is hit by Jonathan Huberdeau and loses puck.
2:17 of 2nd period - Shot by Eetu Luostarinen.
2:17 of 2nd period - Shot Misses the Net.
2:19 of 2nd period - Shot by Eetu Luostarinen.
2:19 of 2nd period - Shot Misses the Net.
2:26 of 2nd period - Off-side.
2:27 of 2nd period - Sam Steel wins face-off versus Mark Scheifele in neutral zone.
3:05 of 2nd period - Shot by William Carrier.
3:05 of 2nd period - Deflect By Sam Steel.
3:05 of 2nd period - Stopped by Jaroslav Halak with a rebound.
3:07 of 2nd period - Shot by Travis Hamonic.
3:07 of 2nd period - Shot Misses the Net.
3:28 of 2nd period - Off-side.
3:29 of 2nd period - Mika Zibanejad wins face-off versus Nico Hischier in neutral zone.
3:43 of 2nd period - Mika Zibanejad is hit by Janis Moser.
4:30 of 2nd period - Chandler Stephenson is hit by Janis Moser and loses puck.
6:06 of 2nd period - Shot by Marcus Johansson.
6:06 of 2nd period - Shot Misses the Net.
7:26 of 2nd period - Rasmus Sandin is hit by Marc Staal and loses puck.
10:24 of 2nd period - Shot by Mika Zibanejad.
10:24 of 2nd period - Shot Misses the Net.
10:32 of 2nd period - Shot by Travis Konecny.
10:32 of 2nd period - Stopped by Jaroslav Halak without a rebound.
10:33 of 2nd period - Mark Scheifele wins face-off versus Chandler Stephenson in SACRAMENTO BANDITS zone.
10:54 of 2nd period - Shot by Yanni Gourde.
10:54 of 2nd period - Shot Misses the Net.
11:16 of 2nd period - William Carrier is hit by Mark Scheifele and loses puck.
11:39 of 2nd period - Shot by Jonathan Huberdeau.
11:39 of 2nd period - Stopped by Martin Jones without a rebound.
11:40 of 2nd period - Nico Hischier wins face-off versus Mika Zibanejad in PORTLAND PIRATES zone.
11:49 of 2nd period - Shot by Nico Hischier.
11:49 of 2nd period - Stopped by Martin Jones with a rebound.
11:51 of 2nd period - Shot by Nico Hischier.
11:51 of 2nd period - Deflect By Patrick Kane.
11:51 of 2nd period - Stopped by Martin Jones without a rebound.
11:52 of 2nd period - Eetu Luostarinen wins face-off versus Mika Zibanejad in PORTLAND PIRATES zone.
12:02 of 2nd period - Icing by Brett Pesce.
12:03 of 2nd period - Nico Hischier wins face-off versus Mika Zibanejad in PORTLAND PIRATES zone.
12:04 of 2nd period - Shot by David Perron.
12:04 of 2nd period - Shot Misses the Net.
12:34 of 2nd period - Shot by Mika Zibanejad.
12:34 of 2nd period - Shot Blocked by Dante Fabbro.
12:48 of 2nd period - Shot by Mika Zibanejad.
12:48 of 2nd period - Stopped by Jaroslav Halak without a rebound.
12:49 of 2nd period - Mark Scheifele wins face-off versus Chandler Stephenson in SACRAMENTO BANDITS zone.
12:49 of 2nd period - Mark Scheifele is hit by Yanni Gourde.
13:13 of 2nd period - Shot by Robert Thomas.
13:13 of 2nd period - Deflect By Chandler Stephenson.
13:13 of 2nd period - Stopped by Jaroslav Halak without a rebound.
13:14 of 2nd period - Sam Steel wins face-off versus Eetu Luostarinen in SACRAMENTO BANDITS zone.
13:19 of 2nd period - Shot by Sam Steel.
13:19 of 2nd period - Stopped by Jaroslav Halak without a rebound.
13:20 of 2nd period - Sam Steel wins face-off versus David Perron in SACRAMENTO BANDITS zone.
13:23 of 2nd period - Shot by Michael Amadio.
13:23 of 2nd period - Shot Misses the Net.
13:37 of 2nd period - Shot by William Carrier.
13:37 of 2nd period - Deflect By Michael Amadio.
13:37 of 2nd period - Stopped by Jaroslav Halak without a rebound.
13:38 of 2nd period - Robert Thomas wins face-off versus Mark Scheifele in SACRAMENTO BANDITS zone.
14:47 of 2nd period - Icing by Marc Staal.
14:48 of 2nd period - Mika Zibanejad wins face-off versus Nico Hischier in PORTLAND PIRATES zone.
16:32 of 2nd period - Shot by Jonathan Huberdeau.
16:32 of 2nd period - Deflect By Eetu Luostarinen.
16:32 of 2nd period - Shot Misses the Net.
16:44 of 2nd period - Shot by Jonathan Huberdeau.
16:44 of 2nd period - Deflect By Eetu Luostarinen.
16:44 of 2nd period - Shot Blocked by Brian Dumoulin.
16:46 of 2nd period - Shot by Eetu Luostarinen.
16:46 of 2nd period - Stopped by Martin Jones with a rebound.
17:12 of 2nd period - Shot by Yanni Gourde.
17:12 of 2nd period - Shot Misses the Net.
17:24 of 2nd period - Shot by Blake Wheeler.
17:24 of 2nd period - Deflect By Dominik Kubalik.
17:24 of 2nd period - Shot Blocked by Brian Dumoulin.
17:52 of 2nd period - Travis Hamonic is hit by Christian Fischer and loses puck.
18:08 of 2nd period - Shot by Mark Scheifele.
18:08 of 2nd period - Stopped by Martin Jones with a rebound.
18:10 of 2nd period - Shot by Marcus Johansson.
18:10 of 2nd period - Stopped by Martin Jones without a rebound.
18:11 of 2nd period - Mika Zibanejad wins face-off versus Alex Chiasson in PORTLAND PIRATES zone.
18:11 of 2nd period - Mika Zibanejad is hit by Jonathan Huberdeau.
19:06 of 2nd period - Minor Penalty to Mark Scheifele for Hooking.
19:07 of 2nd period - Mika Zibanejad wins face-off versus Marcus Johansson in SACRAMENTO BANDITS zone.
Goals for this period are 0 for SACRAMENTO BANDITS vs 0 for PORTLAND PIRATES.
Shots for this period are 6 for SACRAMENTO BANDITS vs 6 for PORTLAND PIRATES.

3rd period


0:01 of 3rd period - Mika Zibanejad wins face-off versus Marcus Johansson in neutral zone.
1:00 of 3rd period - Off-side.
1:01 of 3rd period - Chandler Stephenson wins face-off versus Patrick Kane in neutral zone.
1:06 of 3rd period - Shot by Yanni Gourde.
1:06 of 3rd period - Stopped by Jaroslav Halak without a rebound.
1:07 of 3rd period - Nico Hischier wins face-off versus Michael Amadio in SACRAMENTO BANDITS zone.
1:19 of 3rd period - David Perron is hit by Travis Hamonic and loses puck.
1:36 of 3rd period - David Perron is hit by Travis Hamonic and loses puck.
1:51 of 3rd period - Shot by Nico Hischier.
1:51 of 3rd period - Shot Misses the Net.
2:15 of 3rd period - Shot by Marcus Johansson.
2:15 of 3rd period - Stopped by Martin Jones without a rebound.
2:16 of 3rd period - Mika Zibanejad wins face-off versus Eetu Luostarinen in PORTLAND PIRATES zone.
2:16 of 3rd period - Mika Zibanejad is hit by Eetu Luostarinen.
2:30 of 3rd period - Shot by Travis Konecny.
2:30 of 3rd period - Stopped by Jaroslav Halak with a rebound.
2:32 of 3rd period - Shot by Travis Konecny.
2:32 of 3rd period - Shot Misses the Net.
2:37 of 3rd period - Mika Zibanejad is hit by Brendan Smith.
2:58 of 3rd period - Shot by Travis Konecny.
2:58 of 3rd period - Deflect By Mika Zibanejad.
2:58 of 3rd period - Shot Misses the Net.
3:00 of 3rd period - Shot by Travis Konecny.
3:00 of 3rd period - Goal by Travis Konecny - SACRAMENTO BANDITS : 0 - PORTLAND PIRATES : 2.
3:01 of 3rd period - Yanni Gourde wins face-off versus Nico Hischier in neutral zone.
3:38 of 3rd period - Off-side.
3:39 of 3rd period - Mark Scheifele wins face-off versus Sam Steel in neutral zone.
3:58 of 3rd period - Shot by Sam Steel.
3:58 of 3rd period - Shot Blocked by Rasmus Sandin.
4:14 of 3rd period - Shot by William Carrier.
4:14 of 3rd period - Stopped by Jaroslav Halak without a rebound.
4:15 of 3rd period - Nico Hischier wins face-off versus Mika Zibanejad in SACRAMENTO BANDITS zone.
4:23 of 3rd period - Icing by Thomas Chabot.
4:24 of 3rd period - Nico Hischier wins face-off versus Travis Konecny in PORTLAND PIRATES zone.
4:57 of 3rd period - Ryan McDonagh is hit by Pavel Zacha and loses puck.
5:28 of 3rd period - Shot by Mark Scheifele.
5:28 of 3rd period - Stopped by Martin Jones with a rebound.
5:59 of 3rd period - Shot by Marcus Johansson.
5:59 of 3rd period - Stopped by Martin Jones with a rebound.
7:09 of 3rd period - Shot by Nathan Bastian.
7:09 of 3rd period - Stopped by Jaroslav Halak with a rebound.
7:34 of 3rd period - Icing by Thomas Chabot.
7:35 of 3rd period - Sam Steel wins face-off versus Nico Hischier in PORTLAND PIRATES zone.
8:12 of 3rd period - Marc-Edouard Vlasic is hit by Michael Amadio and loses puck.
8:39 of 3rd period - Shot by Christian Fischer.
8:39 of 3rd period - Shot Misses the Net.
8:59 of 3rd period - Shot by Mark Scheifele.
8:59 of 3rd period - Shot Blocked by Travis Konecny.
9:08 of 3rd period - Off-side.
9:09 of 3rd period - Blake Wheeler wins face-off versus Nathan Bastian in neutral zone.
9:38 of 3rd period - Shot by Blake Wheeler.
9:38 of 3rd period - Stopped by Martin Jones without a rebound.
9:39 of 3rd period - Nico Hischier wins face-off versus Chandler Stephenson in PORTLAND PIRATES zone.
9:42 of 3rd period - Shot by Nico Hischier.
9:42 of 3rd period - Shot Misses the Net.
9:44 of 3rd period - Shot by Janis Moser.
9:44 of 3rd period - Stopped by Martin Jones with a rebound.
9:46 of 3rd period - Shot by David Perron.
9:46 of 3rd period - Goal by David Perron - SACRAMENTO BANDITS : 1 - PORTLAND PIRATES : 2.
9:47 of 3rd period - Nico Hischier wins face-off versus Mika Zibanejad in neutral zone.
10:26 of 3rd period - Shot by David Perron.
10:26 of 3rd period - Shot Blocked by Alec Martinez.
10:39 of 3rd period - Off-side.
10:40 of 3rd period - Mark Scheifele wins face-off versus Yanni Gourde in neutral zone.
11:12 of 3rd period - Off-side.
11:13 of 3rd period - Eetu Luostarinen wins face-off versus Sam Steel in neutral zone.
11:33 of 3rd period - Shot by Eetu Luostarinen.
11:33 of 3rd period - Stopped by Martin Jones without a rebound.
11:34 of 3rd period - Mika Zibanejad wins face-off versus Nico Hischier in PORTLAND PIRATES zone.
11:45 of 3rd period - Icing by Nico Hischier.
11:46 of 3rd period - Chandler Stephenson wins face-off versus Nico Hischier in SACRAMENTO BANDITS zone.
13:06 of 3rd period - Shot by Mika Zibanejad.
13:06 of 3rd period - Stopped by Jaroslav Halak with a rebound.
13:18 of 3rd period - Shot by Mika Zibanejad.
13:18 of 3rd period - Shot Misses the Net.
13:20 of 3rd period - Shot by Travis Konecny.
13:20 of 3rd period - Shot Blocked by Christian Fischer.
13:50 of 3rd period - Dante Fabbro is hit by William Carrier and loses puck.
13:57 of 3rd period - Shot by Sam Steel.
13:57 of 3rd period - Shot Misses the Net.
13:59 of 3rd period - Shot by Thomas Chabot.
13:59 of 3rd period - Shot Misses the Net.
14:07 of 3rd period - Shot by Michael Amadio.
14:07 of 3rd period - Shot Blocked by Dante Fabbro.
14:09 of 3rd period - Shot by Thomas Chabot.
14:09 of 3rd period - Stopped by Jaroslav Halak without a rebound.
14:10 of 3rd period - Blake Wheeler wins face-off versus Robert Thomas in SACRAMENTO BANDITS zone.
14:42 of 3rd period - Minor Penalty to Dante Fabbro for Tripping.
14:43 of 3rd period - Mika Zibanejad wins face-off versus Marcus Johansson in SACRAMENTO BANDITS zone.
15:08 of 3rd period - Marc-Edouard Vlasic is hit by Robert Thomas and loses puck.
15:38 of 3rd period - Icing by Pavel Zacha.
15:39 of 3rd period - Pavel Zacha wins face-off versus Marcus Johansson in PORTLAND PIRATES zone.
15:39 of 3rd period - Pavel Zacha is hit by Mark Scheifele.
17:13 of 3rd period - Shot by Sam Steel.
17:13 of 3rd period - Deflect By Michael Amadio.
17:13 of 3rd period - Stopped by Jaroslav Halak without a rebound.
17:14 of 3rd period - Mika Zibanejad wins face-off versus Mark Scheifele in SACRAMENTO BANDITS zone.
17:34 of 3rd period - Icing by Mika Zibanejad.
17:35 of 3rd period - Mika Zibanejad wins face-off versus Nico Hischier in PORTLAND PIRATES zone.
17:44 of 3rd period - Shot by Mika Zibanejad.
17:44 of 3rd period - Shot Misses the Net.
18:50 of 3rd period - Chandler Stephenson is hit by Marc-Edouard Vlasic and loses puck.
19:11 of 3rd period - SACRAMENTO BANDITS, Jaroslav Halak is pulled from the net.
Goals for this period are 1 for SACRAMENTO BANDITS vs 1 for PORTLAND PIRATES.
Shots for this period are 7 for SACRAMENTO BANDITS vs 8 for PORTLAND PIRATES.


BLAKE
WHEELER
STEVEN
STAMKOS
DREW
DOUGHTY

EAST COAST

HOCKEY LEAGUE

  • 63.RHI2PIT5
  • 64.WOR4ATL3
  • 65.QUECHW
  • 66.CHATRV